 Dungeon Crawl Stone Soup version 0.31-a0-251-gdc1e01ee57 (webtiles) character file.

Game seed: 11598604895899320887

35 qw the Shooter (level 3, -1/21 HPs)
             Began as a Gargoyle Hexslinger on July 12, 2023.
             Slain by a worm (6 damage)
             ... on level 2 of the Dungeon.
             The game lasted 00:00:29 (1009 turns).

qw the Shooter (Gargoyle Hexslinger)                Turns: 1009, Time: 00:00:29

Health: -1/21      AC:  8    Str: 11    XL:     3   Next: 33%
Magic:  4/4        EV: 10    Int: 13    God:
Gold:   68         SH:  0    Dex: 14    Spells: 3/4 levels left

rFire   . . .        Y - +1 sling
rCold   . . .        (no shield)
rNeg    + . .        e - +0 ring mail
rPois   inf          (no helmet)
rElec   +            (no cloak)
rCorr   .            (no gloves)
SInv    .            (no boots)
Will    .....        (no amulet)
Stlth   +            (no ring)
HPRegen 0.23/turn    (no ring)
MPRegen 0.09/turn

%: no passive effects
@: no status effects
A: sickness immunity, AC +3, negative energy resistance 1, electricity
resistance, torment resistance 1, petrification resistance
a: no special abilities


You were on level 2 of the Dungeon.
You visited 1 branch of the dungeon, and saw 2 of its levels.

You collected 68 gold pieces.


Innate Abilities, Weirdness & Mutations

You are immune to sickness and miasma.
Your stone body is resilient. (AC +3)
You are immune to poison.
You resist negative energy. (rN+)
You are resistant to electric shocks. (rElec)
You are resistant to unholy torment.
You are immune to petrification.


   Skills:
 - Level 2.0 Fighting
 + Level 3.2 Ranged Weapons
 - Level 1.5 Dodging
 - Level 1.0 Spellcasting
 - Level 2.6 Hexes


You had 3 spell levels left.
You knew the following spells:

 Your Spells              Type           Power      Damage    Failure   Level
a - Slow                  Hex            28%        N/A       22%         1

Your spell library contained the following spells:

 Spells                   Type           Power      Damage    Failure   Level
 Inner Flame              Hex/Fire       4%         N/A       75%         3
 Portal Projectile        Hex/Tloc       8%         N/A       75%         3
 Cause Fear               Hex            3%         N/A       92%         4

Inventory:

Hand Weapons
 Y - a +1 sling (weapon)
Armour
 e - a +0 ring mail (worn)
Scrolls
 b - a scroll of torment {unknown}
Potions
 a - a potion of ambrosia {unknown}
 j - a potion of curing {unknown}

Dungeon Overview and Level Annotations

Branches:
Dungeon (2/15)

Altars:


Message History

Enter note: You shoot a sling bullet.
The sling bullet barely misses the worm.
The sling bullet misses the frilled lizard.
The worm bites you but does no damage.
You shoot a sling bullet.
The sling bullet barely misses the worm.
The sling bullet hits the frilled lizard.
The frilled lizard is heavily wounded.
The worm bites you!
You shoot a sling bullet. The sling bullet hits the worm.
The worm is lightly wounded.
The worm bites you but does no damage.
You shoot a sling bullet. The sling bullet hits the worm.
The worm is lightly wounded.
The worm barely misses you.
You shoot a sling bullet. The sling bullet hits the worm.
The worm is lightly wounded.
The frilled lizard hisses.
The worm bites you!
You shoot a sling bullet.
The sling bullet barely misses the worm.
The sling bullet hits the frilled lizard.
You kill the frilled lizard!
The worm closely misses you.
You shoot a sling bullet.
The sling bullet hits the worm but does no damage.
You shoot a sling bullet. The sling bullet hits the worm.
The worm is lightly wounded.
The worm bites you.
You shoot a sling bullet. The sling bullet hits the worm.
The worm is lightly wounded.
The worm closely misses you.
You shoot a sling bullet.
The sling bullet completely misses the worm.
The worm barely misses you.
You shoot a sling bullet. The sling bullet hits the worm.
The worm is moderately wounded.
The worm bites you.
You die...

...# #.#.#..##
#..# #.#.#...#
#..# #.#.#.###
#..#####.#.#.#
#..#..#.#.#.#
##....#...#.#
##..#..#####.#
#..##..#.....#
#..#@#<.#.#####
#..#w##.##.#
...#.# #....#
###### ######


You could see a worm.

Vanquished Creatures
  2 worms (D:2)
  A ball python (D:2)
  4 bats
  2 endoplasms (D:1)
  3 giant cockroaches
  3 goblins
  2 hobgoblins
  A jackal (D:1)
  2 kobolds
  A quokka (D:1)
  3 frilled lizards (D:2)
  A rat (D:1)
25 creatures vanquished.

Notes
Turn   | Place    | Note
-------+----------+-------------------------------------------
     0 | D:1      | qw the Gargoyle Hexslinger began the quest for the Orb.
     0 | D:1      | Reached XP level 1. HP: 12/12 MP: 2/2
     0 | D:1      | 0 ||| qw: Version: 0.3-a-52-g30416fa
     0 | D:1      | 0 ||| qw: Game counter: 6590
     0 | D:1      | 0 ||| qw: Melee chars always use a shield: true
     0 | D:1      | 0 ||| qw: God list: Okawaru
     0 | D:1      | 0 ||| qw: Allow faded altars: false
     0 | D:1      | 0 ||| qw: Do Orc after clearing Dungeon:15 true
     0 | D:1      | 0 ||| qw: Do second Lair branch before Depths: true
     0 | D:1      | 0 ||| qw: Lair rune preference: random
     0 | D:1      | 0 ||| qw: Goals: Normal
     0 | D:1      | 0 ||| PLANNING D:1-11
   107 | D:1      | Reached XP level 2. HP: 16/16 MP: 3/3
   457 | D:1      | Reached skill level 3 in Ranged Weapons
   559 | D:1      | 559 ||| UPGRADING to +0 leather armour.
   569 | D:1      | 569 ||| DROPPING +0 robe.
   570 | D:1      | 570 ||| UPGRADING to +0 ring mail.
   580 | D:1      | 580 ||| DROPPING +0 leather armour.
   581 | D:1      | 581 ||| DROPPING scarf of shadows.
   582 | D:1      | 582 ||| READING scroll labelled NEC PUREUCAIKH.
   583 | D:1      | 583 ||| READING scroll labelled KIPUMMAJUNK.
   584 | D:1      | 584 ||| READING scroll labelled CIGIATW YN PISS.
   585 | D:1      | 585 ||| READING scroll labelled LOONAFIPRU.
   586 | D:1      | 586 ||| READING scroll labelled BEOFUFE KOIWA.
   587 | D:1      | 587 ||| DROPPING scroll of poison.
   662 | D:2      | Identified the +0 chain mail "Wogguxt" {Regen+ Int-4 Dex+4}
   818 | D:2      | Reached XP level 3. HP: 21/21 MP: 4/4
  1006 | D:2      | HP: 4/21 [worm (3)]
  1009 | D:2      | Slain by a worm

Levels and vault maps discovered:
D:1:      dpeg_arrival_brainrot, layout_loops_ring,
          corexii_item_surrounded_by_moat
D:2:      minmay_diamond_boxcup, layout_basic, shapermc_ecumenical_altar_pompeii

Skill      XL: |  1  2 |
---------------+-------+-----
Ranged Weapons | 3 |  3.2
Fighting       | 2 |  2.0
Dodging        | |  1.5
Spellcasting   | |  1.0
Hexes          | |  2.6

Action                     || total
---------------------------++-------
   Fire: Sling             ||   118
    Use: Scroll            ||     5
 Armour: Robe              ||     7
         Ring mail         ||    23
  Dodge: Dodged            ||    43

Table legend:
 A = Non-vault XP
 B = Vault XP
 C = Vault XP percentage of total XP
 D = Non-vault monster count
 E = Vault monster count
 F = Vault count percentage of total count
                 A         B        C        D         E       F
            +---------+---------+-------+---------+---------+-------
      Total |      47 |       3 |   6.0 |      23 |       2 |   8.0
            +---------+---------+-------+---------+---------+-------
        D:1 |      19 |       2 |   9.5 |      10 |       1 |   9.1
        D:2 |      28 |       1 |   3.4 |      13 |       1 |   7.1
            +---------+---------+-------+---------+---------+-------
